 Dungeon Crawl Stone Soup version bcrawl-1.37.2 (webtiles) character file.

Game seed: 6767279610820964451

99138 nihil000 the Skirmisher (level 4, -7/30 HPs)
             Began as a Gargoyle Fighter on Nov 8, 2022.
             Mangled by a gnoll
             ... wielding a +0 halberd
              (12 damage)
             ... on level 2 of the Dungeon.
             The game lasted 00:02:03 (2102 turns).

nihil000 the Skirmisher (Gargoyle Fighter)          Turns: 2102, Time: 00:02:04

Health: -7/30      AC: 10    Str: 21    XL:     4   Next: 2%
Magic:  4/4        EV:  5    Int:  8    God:
Gold:   4          SH:  9    Dex:  9    Spells: 3/3 levels left

rFire    + . .     GDR:     34% a - +0 flail
rCold    . . .     SeeInvis .   c - +0 medium shield
rNeg     + . .     Gourm    .   b - +0 scale mail
rPois    ∞         Faith    .   (no helmet)
rElec    +         Spirit   .   (no cloak)
rCorr    .         Reflect  .   (no gloves)
MR       .....                  (no boots)
Stlth    ..........             h - amulet of rage
HPRegen  0.15/turn              l - ring of protection from fire
MPRegen  0.09/turn              (no ring)

@: no status effects
A: negative energy resistance 1, electricity resistance, partial torment
resistance, unbreathing, petrification resistance, rot immunity, AC +3
a: Evoke Berserk Rage


You were on level 2 of the Dungeon.
You were very hungry.

You visited 1 branch of the dungeon, and saw 2 of its levels.

You collected 4 gold pieces.

Inventory:

Hand Weapons
 a - a +0 flail (weapon)
Armour
 b - a +0 scale mail (worn)
 c - a +0 medium shield (worn)
Jewellery
 h - an amulet of rage (around neck)
 l - a ring of protection from fire (left hand)
Scrolls
 f - 2 scrolls of magic mapping {unknown}
 j - a scroll of teleportation {unknown}
 k - a scroll of remove curse {unknown}
Potions
 d - a potion of might
 g - 2 potions of curing {unknown}
 i - a potion of brilliance {unknown}
Comestibles
 e - 2 rations {!d}


   Skills:
 + Level 4.3 Fighting
 + Level 3.2 Maces & Flails
 - Level 3.2 Armour
 - Level 3.2 Shields


You had 3 spell levels left.
You didn't know any spells.
Your spell library was empty.

Dungeon Overview and Level Annotations

Branches:
Dungeon (2/12)

Altars:


Innate Abilities, Weirdness & Mutations

You are resistant to torment.
Your stone body is resilient. (AC +3)
You are immune to poison.
You resist negative energy. (rN+)
You are resistant to electric shocks. (rElec)
You are less affected by unholy pain and torment.
You can survive without breathing.
You are immune to petrification.
You are immune to rotting.


Message History

You block the gnoll's attack. x3
You are feeling very hungry.
You hit the gnoll.
The gnoll is almost dead.
You block the gnoll's attack. The gnoll hits you but does no damage.
You sock the gnoll!
You kill the gnoll!
The gnoll barely misses you.
You have reached level 4!
You feel stronger. You block the gnoll's attack.
Things that are here:
a +0 spear; a gnoll corpse You barely miss the gnoll.
The gnoll hits you with a +0 halberd.
You closely miss the gnoll. You block the gnoll's attack.
You closely miss the gnoll. The gnoll hits you with a +0 halberd!
* * * LOW HITPOINT WARNING * * *
Your shield prevents you from hitting the gnoll.
The gnoll hits you with a +0 halberd!
You die...

#... #..### #
....
#.#.##$.#######
#...........g..
##.........
#.....g...g
#g#########.##
#<@)).........
###########...


You could see a gnoll.

Vanquished Creatures
  3 gnolls (D:2)
  An ooze (D:1)
  2 leopard geckos (D:1)
  A ball python (D:1)
  3 bats (D:1)
  4 goblins (D:1)
  A hobgoblin (D:1)
  3 jackals (D:1)
  A quokka (D:1)
  2 kobolds (D:1)
  5 rats (D:1)
26 creatures vanquished.

Notes
Turn   | Place    | Note
-------+----------+-------------------------------------------
     0 | D:1      | nihil000 the Gargoyle Fighter began the quest for the Orb.
     0 | D:1      | Reached XP level 1. HP: 14/14 MP: 1/1
   506 | D:1      | Reached XP level 2. HP: 19/19 MP: 2/2
  1333 | D:1      | Reached XP level 3. HP: 24/24 MP: 3/3
  1335 | D:1      | Reached skill level 4 in Fighting
  2098 | D:2      | Reached XP level 4. HP: 17/30 MP: 4/4
  2102 | D:2      | Mangled by a gnoll

Skill      XL: |  1  2  3 |
---------------+----------+-----
Fighting       | 4 |  4.3
Maces & Flails | 3 |  3.2
Armour         | |  3.2
Shields        | |  3.2

Action                   |  1- 3 |  4- 6 || total
-------------------------+-------+-------++-------
Melee: Flail             |   113 |     4 ||   117
  Eat: Chunk             |     6 |       ||     6
Armor: Scale mail        |    79 |       ||    79
Dodge: Dodged            |    22 |       ||    22
Block: Medium shield     |    69 |     2 ||    71
